 Dungeon Crawl Stone Soup version 0.24.1-14-gf8d2b509d9 (webtiles) character file.

Game seed: 900651757572924056, levelgen mode: deterministic

4 h4x0r the Vexing (level 1, 0/12 HPs)
             Began as a Kobold Arcane Marksman on Feb 3, 2021.
             Slain by a rat (1 damage)
             ... on level 1 of the Dungeon.
             The game lasted 00:01:04 (280 turns).

h4x0r the Vexing (Kobold Arcane Marksman)            Turns: 280, Time: 00:01:05

Health: 0/12       AC:  2    Str:  7    XL:     1   Next: 77%
Magic:  2/2        EV: 15    Int: 14    God:
Gold:   17         SH:  0    Dex: 15    Spells: 1/2 levels left

rFire    . . .     SeeInvis .   a - +0 hand crossbow
rCold    . . .     Gourm    .   (shield restricted)
rNeg     . . .     Faith    .   e - +0 robe
rPois    .         Spirit   .   (no helmet)
rElec    .         Reflect  .   (no cloak)
rCorr    .         Harm     .   (no gloves)
MR       .....                  (no boots)
Stlth    +.........             (no amulet)
HPRegen  0.04/turn              (no ring)
MPRegen  0.08/turn              (no ring)

@: no status effects
A: small, carnivore
a: no special abilities


You were on level 1 of the Dungeon.
You were not hungry.

You visited 1 branch of the dungeon, and saw 1 of its levels.

You collected 17 gold pieces.


Innate Abilities, Weirdness & Mutations

You are small and have problems with some larger weapons.
You are carnivorous and can eat meat at any time.


   Skills:
 - Level 1.1 Fighting
 * Level 2.5 Crossbows
 * Level 2.6 Dodging
 - Level 1.1 Spellcasting
 * Level 3.0 Hexes


You had one spell level left.
You knew the following spells:

 Your Spells              Type           Power        Failure   Level  Hunger
z - Corona                Hex            #......      8%          1    ##.....

Your spell library contained the following spells:

 Spells                   Type           Power        Failure   Level  Hunger
 Slow                     Hex            #.......     11%         2    ###....
 Inner Flame              Hex/Fire       #.......     38%         3    ####...
 Portal Projectile        Hex/Tloc       #.....       38%         3    ####...
 Cause Fear               Hex            #.........   58%         4    #####..
 Leda's Liquefaction      Hex/Erth       #.........   80%         4    #####..

Inventory:

Hand Weapons
 a - a +0 hand crossbow (weapon)
Missiles
 d - 12 bolts (quivered)
Armour
 e - a +0 robe (worn)
Scrolls
 c - a scroll of identify {unknown}
Potions
 b - a potion of heal wounds {unknown}
Comestibles
 f - a ration {@e1}

Dungeon Overview and Level Annotations

Branches:
Dungeon (1/15)

Altars:

#...........####.....##.# .
#..............##.....##.#
..
#...........##..##.....##.#
... #...........# #
##.....##.
....##(..........#
##.....###
........w#####w###
##..>.... ........?# #..#
##...<.. .........# ##r##
#..8.... ..w......# #b@#
#.....### .........# ##.#
#.....## #....r#### #(.
#.....## ##.... ##.# .....#
#.... .. ...# #.... #l. ..#
#... .## ..


You could see a dart slug, a leopard gecko, a bat and a rat.


Message History

Aim: a goblin You shoot a bolt.
The bolt barely misses the goblin.
The bat completely misses you. The bat misses you. The rat misses you.
Unknown command.
The bat hits you but does no damage. The bat misses you.
Firing (i - inventory)
d - 15 bolts (quivered)
Press: ? - help, Shift-Dir - straight line, f/p - goblin
Aim: a goblin You shoot a bolt.
The bolt hits the goblin.
You kill the goblin!
The bat closely misses you.
Unknown command.
Firing (i - inventory)
d - 14 bolts (quivered)
Press: ? - help, Shift-Dir - straight line, f - bat
Aim: a bat You shoot a bolt.
The bolt completely misses the bat.
The bat hits you but does no damage.
A leopard gecko comes into view.
The bat hits you.
* * * LOW HITPOINT WARNING * * *
The rat barely misses you.
Unknown command.
Firing (i - inventory)
d - 13 bolts (quivered)
Press: ? - help, Shift-Dir - straight line, f/p - bat
Aim: a bat You shoot a bolt.
The bolt misses the bat.
The leopard gecko hisses angrily.
The bat hits you but does no damage. The bat completely misses you.
The rat bites you.
You die...

Action                   || total
-------------------------++-------
Melee: Unarmed           ||    20
 Fire: Hand crossbow     ||    12
  Eat: Chunk             ||     1
Armor: Robe              ||    14
Dodge: Dodged            ||    37

Levels and vault maps discovered:
D:1:      psy_arrival_spokes, layout_basic, minmay_cupped

Notes
Turn   | Place    | Note
-------+----------+-------------------------------------------
     0 | D:1      | h4x0r the Kobold Arcane Marksman began the quest for the
                  | Orb.
     0 | D:1      | Reached XP level 1. HP: 12/12 MP: 2/2
   264 | D:1      | HP: 1/12 [dart slug/slug dart (6)]
   279 | D:1      | HP: 1/12 [bat (1)]
   280 | D:1      | Slain by a rat

Vanquished Creatures
  A giant cockroach (D:1)
  A hobgoblin (D:1)
  A goblin (D:1)
  2 rats (D:1)
5 creatures vanquished.

Table legend:
 A = Turns spent in this place as a percentage of turns spent in the entire game.
 B = Non-inter-level travel turns spent in this place as a percentage of non-inter-level travel turns spent in the entire game.
 C = Inter-level travel turns spent in this place as a percentage of turns spent in this place.
 D = Turns resting spent in this place as a percentage of non-inter-level travel turns spent in this place.
 E = Turns spent auto-exploring this place as a percentage of non-inter-level travel turns spent in this place.
 F = Non-inter-level travel turns spent in this place divided by the number of levels of this place that you've seen.
                   A       B       C       D       E      F
               +-------+-------+-------+-------+-------+----------------------
         Total | 100.0 | 100.0 |   0.0 |  56.8 |  10.4 | 280.0
       Dungeon | 100.0 | 100.0 |   0.0 |  56.8 |  10.4 | 280.0
               +-------+-------+-------+-------+-------+----------------------

Table legend:
 A = Non-vault XP
 B = Vault XP
 C = Vault XP percentage of total XP
 D = Non-vault monster count
 E = Vault monster count
 F = Vault count percentage of total count
                 A         B        C        D         E       F
            +---------+---------+-------+---------+---------+-------
      Total |       7 |       0 |   0.0 |       5 |       0 |   0.0
            +---------+---------+-------+---------+---------+-------
        D:1 |       7 |       0 |   0.0 |       5 |       0 |   0.0
            +---------+---------+-------+---------+---------+-------
